 Dungeon Crawl Stone Soup version 0.30.0-29-ga12c61a403 (webtiles) character file.

Game seed: 13153472092505632635

21 Aelou the Trooper (level 2, -3/27 HPs)
             Began as a Minotaur Berserker on June 5, 2023.
             Was a Follower of Trog.
             Killed by divine providence
             ... invoked by an orc priest
              (8 damage)
             ... on level 5 of the Dungeon.
             The game lasted 00:12:47 (440 turns).

Aelou the Trooper (Minotaur Berserker)               Turns: 440, Time: 00:12:52

Health: -3/27      AC:  5    Str: 24    XL:     2   Next: 65%
Magic:  1/1        EV: 12    Int:  4    God:    Trog [*.....]
Gold:   28         SH:  0    Dex:  9    Spells: 1/1 levels left

rFire   . . .        a - +0 mace
rCold   . . .        (no shield)
rNeg    . . .        b - +0 animal skin
rPois   .            (helmet restricted)
rElec   .            (no cloak)
rCorr   .            (no gloves)
SInv    .            f - +2 pair of boots of Tulips {Str+3}
Will    .....        (no amulet)
Stlth   +            (no ring)
HPRegen 0.24/turn    (no ring)
MPRegen 0.07/turn

%: no passive effects
@: no status effects
A: horns 2, retaliatory headbutt
a: Renounce Religion, Berserk


You were on level 5 of the Dungeon.
You worshipped Trog.
Trog was aware of your devotion.
You visited 1 branch of the dungeon, and saw 5 of its levels.

You collected 28 gold pieces.

Inventory:

Hand Weapons
 a - a +0 mace (weapon)
Armour
 b - a +0 animal skin (worn)
 f - the +2 pair of boots of Tulips (worn) {Str+3}
   (You acquired it on level 3 of the Dungeon)

   Str:       It affects your strength (+3).
Wands
 e - a wand of roots (7)
Scrolls
 c - a scroll of fog
Potions
 d - 3 potions of attraction


   Skills:
 + Level 4.2 Fighting
 + Level 4.2 Maces & Flails
 + Level 2.4 Armour
 + Level 2.3 Dodging


You had one spell level left.
You didn't know any spells.
Your spell library contained the following spells:

 Spells                   Type           Power      Damage    Failure   Level
 Ignite Poison            Fire/Tmut/Pois 0%         N/A       86%         3
 Sticky Flame             Conj/Fire      0%         2d3       99%         4
 Ignition                 Fire           0%         3d3       100%        8


Dungeon Overview and Level Annotations

Branches:
Dungeon (6/15)
 Temple: D:4-7

Altars:
Dithmenos


Innate Abilities, Weirdness & Mutations

You have a pair of horns on your head.
You reflexively headbutt those who attack you in melee.


Message History

You climb upwards.
Found a sling and a crooked brass wand.
There is a stone staircase leading down here.
You see here a +0 sling.
Found a scroll labelled NEOSAH LUYHEID.
An orc comes into view. It is wielding a +0 short sword.
Found a stone.
An orc priest comes into view. It is wielding a +0 whip.
The orc priest shouts!
You hear a shout! x2
You see here a wand of roots (7).
e - a wand of roots (7)
An orc comes into view. It is wielding a +0 whip.
The orc priest looks braver for a moment.
You see here a scroll labelled NEOSAH LUYHEID.
g - a scroll labelled NEOSAH LUYHEID
As you read the scroll labelled NEOSAH LUYHEID, it crumbles to dust.
You feel aware of your surroundings.
You sensed 1 shop/portal.
It was a scroll of magic mapping.
The orc priest calls down the wrath of Beogh upon you.
Beogh smites you!
Ouch! That really hurt!
An orc comes into view. It is wielding a +0 falchion.
An orc comes into view. It is wielding a +0 short sword.
The orc shouts!
The orc priest hits you with a +0 whip.
You are too injured to fight recklessly!
You are too injured to fight recklessly!
The orc priest attacks as you move away!
The orc priest closely misses you.
The orc shouts!
The orc priest hits you with a +0 whip.
* * * LOW HITPOINT WARNING * * *
The orc priest attacks as you move away!
The orc priest hits you with a +0 whip.
* * * LOW HITPOINT WARNING * * *
The orc throws a boomerang.
The boomerang hits you but does no damage.
The orc priest mumbles some strange prayers to Beogh against you.
Beogh smites you!
You die...

**...#...............
#.,##................
#.##......o..........
#.#.......o..........
#....................
#.......o≈≈§§≈≈...o..
##....o.≈≈####§§.....
#....o.≈## *#≈.....
#..@...≈# *≈.....
##.....§# *≈(....
#......≈#* **~,,,,,
#......≈≈#***~~,,,,,
#.......≈≈§~~~,,,,,,
#...........,,,,,,,,
##...........,,,,,,,
##..........,,,,,,,
**,,,,,,,,,,,,,,*,


You could see an orc priest and 4 orcs.

Vanquished Creatures
  An orc (D:3)
  2 giant cockroaches (D:2)
  3 goblins
  A hobgoblin (D:3)
  3 quokkas (D:2)
  A ball python (D:2)
  A frilled lizard (D:3)
  4 kobolds
  2 rats (D:3)
18 creatures vanquished.

Notes
Turn   | Place    | Note
-------+----------+-------------------------------------------
     0 | D:1      | Aelou the Minotaur Berserker began the quest for the Orb.
     0 | D:1      | Reached XP level 1. HP: 19/19 MP: 0/0
   136 | D:2      | Reached XP level 2. HP: 26/27 MP: 1/1
   268 | D:3      | Found a shadowy altar of Dithmenos.
   303 | D:3      | Identified a scroll of acquirement
   303 | D:3      | Acquired the +2 pair of boots of Tulips {Str+3}
   409 | D:3      | You fall into a shaft and drop 3 floors!
   413 | D:5      | Entered Level 5 of the Dungeon
   440 | D:5      | Killed from afar by an orc priest

Illustrated notes

Levels and vault maps discovered:
D:1:      amcnicky_arrival_gap_in_the_tavern_cellar, layout_loops_corners
D:2:      layout_loops_ring, shapermc_ecumenical_altar_ellora, minivault_14,
          kennysheep_pointless_box
D:3:      layout_rooms, grunt_dithmenos_smoke_and_mirrors,
          chequers_serial_rivers_micro_b
D:5:      lemuel_ratsnest, layout_basic, serial_shops, shop,
          palyth_stone_intersect, kennysheep_cluttered_room,
          kennysheep_decorative_pillar
D:6:      layout_basic, pdpol_wu_jian_five_deadly_venoms,
          nicolae_sif_muna_condensation, kennysheep_generic_room_7

Skill      XL: |  1  2 |
---------------+-------+-----
Fighting       | 4 |  4.2
Maces & Flails | 4 |  4.2
Armour         | |  2.4
Dodging        | |  2.3

Action                     || total
---------------------------++-------
  Melee: Mace              ||    32
         Headbutt          ||     3
    Use: Scroll            ||     6
         Potion            ||     3
 Armour: Animal skin       ||     6
  Dodge: Dodged            ||    26
